 Dungeon Crawl Stone Soup version 0.28-a0-1505-g8c907de6ad (webtiles) character file.

Game seed: 2345738756942403472

97 kae the Insei (level 4, 0/33 HPs)
             Began as a Demonspawn Transmuter on Jan 13, 2022.
             Succumbed to an adder's poison
             ... on level 3 of the Dungeon.
             The game lasted 00:01:15 (2673 turns).

kae the Insei (Demonspawn Transmuter)               Turns: 2673, Time: 00:01:16

Health: 0/33       AC:  3    Str: 16    XL:     4   Next: 42%
Magic:  7/7        EV: 12    Int: 17    God:
Gold:   90         SH:  0    Dex: 13    Spells: 3/7 levels left

rFire   . . .      SeeInvis .     - Unarmed
rCold   + . .      Faith    .   (no shield)
rNeg    . . .      Spirit   .   a - +0 robe
rPois   .          Reflect  .   (helmet currently unavailable)
rElec   .          Harm     .   c - +0 cloak
rCorr   .          Rampage  .   (no gloves)
Will    .....                   (boots currently unavailable)
Stlth   +.........              (no amulet)
HPRegen 0.11/turn               b - ring of protection from cold
MPRegen 0.10/turn               e - +6 ring of strength

@: lethally poisoned (0 -> -8), appendages
A: horns 2, talons 2, demonic touch 2
a: End Transformation


You were on level 3 of the Dungeon.
You had temporarily grown beastly horns and talons.
You visited 1 branch of the dungeon, and saw 3 of its levels.

You collected 90 gold pieces.

Inventory:

Armour
 a - a +0 robe (worn)
 c - a +0 cloak (worn)
Jewellery
 b - a ring of protection from cold (left hand)
 e - a +6 ring of strength (right hand)
 g - an amulet of magic regeneration
Potions
 d - 2 potions of lignification


   Skills:
 + Level 1.8 Fighting
 + Level 2.1 Dodging
 * Level 3.4 Unarmed Combat
 + Level 2.4 Spellcasting
 * Level 2.5 Transmutations
 * Level 0.6 Poison Magic


You had 3 spell levels left.
You knew the following spells:

 Your Spells              Type           Power      Damage    Failure   Level
a - Beastly Appendage     Tmut           20%        N/A       6%          1
b - Spider Form           Tmut/Pois      7%         N/A       28%         3

Your spell library contained the following spells:

 Spells                   Type           Power      Damage    Failure   Level
 Wereblood                Tmut           10%        N/A       10%         2
 Ice Form                 Ice/Tmut       6%         N/A       73%         4


Dungeon Overview and Level Annotations

Branches:
Dungeon (3/15)

Altars:


Innate Abilities, Weirdness & Mutations

You have temporarily grown beastly horns and talons.
Your touch may inflict irresistible damage on your foes.


Message History

The adder bites you.
You are poisoned.
The adder poisons you! The adder bites you.
You are more poisoned.
The adder poisons you!
You hit the adder but do no damage. You claw the adder. You headbutt the adder.
Your touch misses the adder.
The adder is moderately wounded.
You feel very sick. The adder bites you.
You are more poisoned.
The adder poisons you!
You are too injured to fight recklessly!
You are too injured to fight recklessly!
You are too injured to fight recklessly!
You barely miss the adder.
The adder is moderately wounded.
You feel very sick. The adder bites you.
You hit the adder. Your headbutt misses the adder.
The adder is heavily wounded.
You feel sick. The adder closely misses you.
You closely miss the adder.
The adder is heavily wounded.
* * * LOW HITPOINT WARNING * * *
You feel sick.
The adder bites you but does no damage. x2
You closely miss the adder.
The adder is heavily wounded.
* * * LOW HITPOINT WARNING * * *
You feel sick. The adder bites you but does no damage.
You miss the adder.
The adder is heavily wounded.
* * * LOW HITPOINT WARNING * * *
You feel sick. The adder bites you.
* * * LOW HITPOINT WARNING * * *
You are more poisoned.
The adder poisons you!
You miss the adder. Your headbutt misses the adder.
The adder is heavily wounded.
You die...

###.# #....
#...# ...#
.. ...###
#.####....
##.....S.#
.......@.#
#######†.#
#####)#...#
#..)..##.##
#.##### .#
#.# # #.#
#.# #.#


You could see an adder.

Vanquished Creatures
  An orc wizard (D:3)
  2 adders (D:2)
  A worm (D:2)
  A dart slug (D:1)
  4 orcs (D:3)
  2 bats
  4 endoplasms
  A giant cockroach (D:3)
  6 goblins
  5 hobgoblins
  4 kobolds
  A quokka (D:1)
  6 ball pythons
  A frilled lizard (D:1)
  5 rats
44 creatures vanquished.

Vanquished Creatures (others)
  4 plants (D:2)
4 creatures vanquished.

Grand Total: 48 creatures vanquished

Notes
Turn   | Place    | Note
-------+----------+-------------------------------------------
     0 | D:1      | kae the Demonspawn Transmuter began the quest for the Orb.
     0 | D:1      | Reached XP level 1. HP: 15/15 MP: 3/3
   322 | D:1      | Gained mutation: Your touch may inflict minor irresistible
                  | damage on your foes. [demonic ancestry]
   322 | D:1      | Reached XP level 2. HP: 21/21 MP: 3/5
   373 | D:1      | Found a faded altar of an unknown god.
   657 | D:1      | Reached skill level 3 in Unarmed Combat
  1271 | D:2      | Reached XP level 3. HP: 21/26 MP: 6/6
  2339 | D:2      | Learned a level 3 spell: Spider Form
  2438 | D:3      | Gained mutation: Your touch may inflict irresistible damage
                  | on your foes. [demonic ancestry]
  2438 | D:3      | Reached XP level 4. HP: 29/33 MP: 5/7
  2673 | D:3      | Succumbed to an adder's poison

Illustrated notes

Levels and vault maps discovered:
D:1:      minmay_arrival_four_circles, layout_loops_ring, basic_ecumenical_altar
D:2:      layout_loops_ring, serial_forest, infiniplex_forest_lined_corner,
          infiniplex_forest_straight_5, infiniplex_forest_lined_2,
          infiniplex_forest_clump_cross, infiniplex_forest_straight_4,
          infiniplex_forest_pool, infiniplex_forest_straight_2, fountainhead,
          minmay_pentomino_t4
D:3:      layout_loops_ring, uniq_sigmund, uniq_grinder, uniq_ijyb

Skill      XL: |  1  2 |
---------------+-------+-----
Transmutations | 2 |  2.5
Unarmed Combat | 3 |  3.4
Dodging        | 2 |  2.1
Fighting       | |  1.8
Spellcasting   | |  2.4
Poison Magic   | |  0.6

Action                   |  1- 3 |  4- 6 || total
-------------------------+-------+-------++-------
Melee: Unarmed           |   105 |    26 ||   131
       Kick              |    18 |     2 ||    20
       Headbutt          |     9 |     2 ||    11
       Touch             |     9 |     2 ||    11
       Punch             |     2 |       ||     2
 Cast: Beastly Appendage |    25 |     3 ||    28
  Use: Scroll            |     5 |       ||     5
Armor: Robe              |    15 |     5 ||    20
Dodge: Dodged            |    77 |     6 ||    83

Table legend: (Time is in decaauts)
 A = Elapsed time spent in this place.
 B = Non-inter-level travel time spent in this place.
 C = Inter-level travel time spent in this place.
 D = Time resting spent in this place.
 E = Time spent auto-exploring this place.
 F = Levels seen in this place.
 G = Mean time per level.
                   A        B        C        D        E       F      G
               +--------+--------+--------+--------+--------+-----+--------+
         Total |   2666 |   2570 |     96 |      4 |   2220 |   3 |  888.7 |
       Dungeon |   2666 |   2570 |     96 |      4 |   2220 |   3 |  888.7 |
               +--------+--------+--------+--------+--------+-----+--------+

Top non-repeatable levels by time:
     D:1: 1216 daAuts
     D:2: 1166 daAuts
     D:3: 283 daAuts
